 Dungeon Crawl Stone Soup version 0.19-a0-442-g8935a21 (webtiles) character file.

244 Ordine the Changer (level 6, -14/38 HPs)
             Began as an Octopode Transmuter on June 1, 2016.
             Demolished by an ogre
             ... wielding a +0 giant spiked club
              (27 damage)
             ... on level 4 of the Dungeon.
             The game lasted 00:07:49 (3980 turns).

Ordine the Changer (Octopode Transmuter)            Turns: 3980, Time: 00:07:50

Health: -14/38     AC:  1    Str:  9    XL:     6   Next: 10%
Magic:  8/9        EV: 12    Int: 18    God:
Gold:   150        SH:  0    Dex: 12    Spells: 2 memorised, 5 levels left

rFire  . . .     SeeInvis .       - Unarmed
rCold  . . .     Gourm    .     (no shield)
rNeg   . . .     Faith    .     (helmet restricted)
rPois  .         Spirit   .     (no amulet)
rElec  .         Dismiss  .     (no ring)
rCorr  .         Reflect  .     (no ring)
SustAt .         Harm     .     (no ring)
MR     .....                    (no ring)
Stlth  ++........               (no ring)
                                (no ring)
                                (no ring)
                                (no ring)

@: not resistant to hostile enchantments, unstealthy
A: almost no armour, amphibious, 8 rings, constrict 8, camouflage 1, gelatinous
body 1
a: no special abilities


You were on level 4 of the Dungeon.
You were hungry.

You visited 1 branch of the dungeon, and saw 4 of its levels.

You collected 150 gold pieces.

Inventory:

Jewellery
 n - a +2 ring of protection {unknown}
Wands
 l - a wand of lightning (10/15)
Scrolls
 a - a scroll of teleportation
 f - a scroll of magic mapping
 o - 2 scrolls of blinking
Potions
 d - 3 potions of lignification {unknown}
 e - 2 potions of mutation {unknown}
 h - 5 potions of curing
 i - 2 potions of heal wounds {unknown}
Books
 b - a book of Changes

   Spells                             Type                      Level
   a - Beastly Appendage              Transmutation                1
   b - Sticks to Snakes               Transmutation                2
   c - Spider Form                    Transmutation/Poison         3
   d - Ice Form                       Ice/Transmutation            4
   e - Blade Hands                    Transmutation                5
Comestibles
 c - a bread ration
 g - 3 meat rations
 j - a royal jelly
 m - a beef jerky


   Skills:
 - Level 1.0 Fighting
 - Level 2.0 Dodging
 + Level 3.7 Unarmed Combat
 - Level 2.0 Spellcasting
 * Level 5.8 Transmutations


You had 5 spell levels left.
You knew the following spells:

 Your Spells              Type           Power        Failure   Level  Hunger
a - Spider Form           Tmut/Pois      ##........   21%         3    ###....
b - Beastly Appendage     Tmut           ###...       1%          1    #......


Dungeon Overview and Level Annotations

Branches:
Dungeon (4/15)
 Temple: D:4-7

Altars:
Kikubaaqudgha


Innate Abilities, Weirdness & Mutations

You cannot wear most types of armour.
You are amphibious.
You can wear up to eight rings at the same time.
You can use your tentacles to constrict eight enemies at once.
Your skin changes colour to match your surroundings (Stealth+).
Your rubbery body absorbs attacks. (AC +1)


Message History

Found 9 gold pieces.
Casting: Spider Form
Confirm with . or Enter, or press ? or * to list all spells.
You turn into a venomous arachnid creature.
The ogre shouts!
You hit the ogre.
The ogre is poisoned.
The ogre is lightly wounded.
The ogre hits you with a giant spiked club!!
Ouch! That really hurt!
* * * LOW HITPOINT WARNING * * *
A scorpion comes into view.
Found a stone staircase leading down.
Your transformation is almost over.
The ogre looks more healthy.
Your transformation has ended.
You barely miss the ogre.
The ogre is severely wounded.
The ogre hits you with a giant spiked club!!
Ouch! That really hurt!
You die...

#).# #.# #..# #.# #..# #.# #..#
#.# #..######.# #.#
##.........# #)# #.....# #.#
########.....#########)########
...........s...O@..........(..(
)..[.#.#.....#).######.########
.............#..######.#
.###)#.###.###.........# .#
#.#.# #.# ##.######## .......#
#># #.# .###(### #.# #.# .# ...
#.# #.# .##... .. ..#


You could see an ogre and a scorpion.

Vanquished Creatures
  2 orc priests
  An orc wizard (D:4)
  An iguana (D:3)
  A worker ant (D:4)
  2 adders
  3 oozes
  2 worms (D:2)
  A dart slug (D:2)
  3 giant geckos
  5 orcs
  A ball python (D:3)
  4 giant cockroaches
  5 goblins
  9 hobgoblins
  4 jackals (D:3)
  5 kobolds
  A quokka (D:2)
  8 bats
  3 giant newts
  5 rats
66 creatures vanquished.

Notes
Turn   | Place    | Note
--------------------------------------------------------------
     0 | D:1      | Ordine the Octopode Transmuter began the quest for the Orb.
     0 | D:1      | Reached XP level 1. HP: 13/13 MP: 3/3
   364 | D:1      | Reached XP level 2. HP: 9/18 MP: 5/5
   643 | D:1      | Reached skill level 3 in Transmutations
  1289 | D:2      | Reached XP level 3. HP: 14/23 MP: 6/6
  1431 | D:2      | Learned a level 3 spell: Spider Form
  1810 | D:2      | Reached skill level 4 in Transmutations
  2121 | D:2      | Reached XP level 4. HP: 26/28 MP: 7/7
  2672 | D:3      | Reached skill level 5 in Transmutations
  2672 | D:3      | Reached XP level 5. HP: 33/33 MP: 4/8
  3431 | D:3      | Found an ancient bone altar of Kikubaaqudgha.
  3816 | D:4      | Reached XP level 6. HP: 23/38 MP: 9/9
  3980 | D:4      | Demolished by an ogre

Vault maps used:
D:1:      lightli_arrival_windingriver
D:3:      marbit_many_paths
D:4:      kennysheep_generic_room_6

Skill      XL: |  1  2  3  4 |
---------------+-------------+-----
Transmutations | 3 4 5 |  5.8
Fighting       | |  1.0
Dodging        | |  2.0
Unarmed Combat | |  3.7
Spellcasting   | |  2.0

Action                   |  1- 3 |  4- 6 || total
-------------------------+-------+-------++-------
Melee: Unarmed           |    94 |    81 ||   175
       Constrict         |    23 |    22 ||    45
       Tentacles         |    14 |    10 ||    24
       Punch             |     2 |     1 ||     3
 Cast: Spider Form       |       |     3 ||     3
  Use: Scroll            |     7 |     2 ||     9
 Stab: Sleeping          |     6 |     8 ||    14
       Distracted        |     1 |       ||     1
  Eat: Chunk             |     4 |     5 ||     9
Armor: Skin              |     6 |     7 ||    13
Dodge: Dodged            |    51 |    46 ||    97
